 Seeded DCSS version 0.29.1-15-g9cfb28693d (webtiles) character file.

Game seed: 16814609885328743250 (custom seed)

339 Gelion the Sneak (level 6, -5/37 HPs)
             Began as a Kobold Brigand on June 18, 2023.
             Slain by a water moccasin zombie (7 damage)
             ... on level 4 of the Dungeon.
             The game lasted 00:04:57 (3112 turns).

Gelion the Sneak (Kobold Brigand)                   Turns: 3112, Time: 00:04:59

Health: -5/37      AC:  3    Str:  8 (9)  XL:     6   Next: 86%
Magic:  6/6        EV: 14    Int: 10 (12) God:
Gold:   181        SH:  0    Dex: 16 (18) Spells: 5/5 levels left

rFire   . . .      SeeInvis .   h - +1 dagger (elec)
rCold   . . .      Faith    .   (no shield)
rNeg    . . .      Spirit   .   b - +0 robe
rPois   .          Reflect  .   (no helmet)
rElec   .          Harm     .   c - +0 cloak
rCorr   .          Rampage  .   (no gloves)
Will    .....                   (no boots)
Stlth   +++++.....              (no amulet)
HPRegen 0.12/turn               (no ring)
MPRegen 0.10/turn               (no ring)

@: no status effects
A: small, no large weapons, nightstalker 3
a: no special abilities


You were on level 4 of the Dungeon.
You visited 1 branch of the dungeon, and saw 4 of its levels.

You collected 181 gold pieces.

Inventory:

Hand Weapons
 h - a +1 dagger of electrocution (weapon)
Missiles
 d - 9 poisoned darts (quivered)
 e - 3 curare-tipped darts
Armour
 b - a +0 robe (worn)
 c - a +0 cloak (worn)
Jewellery
 l - a ring of willpower
Wands
 w - a wand of mindburst (4)
Scrolls
 a - 2 scrolls of noise {unknown}
 f - 6 scrolls of identify {unknown}
 i - 3 scrolls of blinking {unknown}
 k - 3 scrolls of teleportation {unknown}
 o - 2 scrolls of enchant weapon {unknown}
 s - a scroll of poison {unknown}
 t - a scroll of amnesia {unknown}
 u - a scroll of vulnerability {unknown}
 v - a scroll of torment {unknown}
Potions
 g - a potion of heal wounds {unknown}
 j - a potion of ambrosia {unknown}
 m - a potion of degeneration
 n - 2 potions of might {unknown}
 p - 4 potions of curing {unknown}
 q - 2 potions of lignification {unknown}
 r - a potion of magic {unknown}
 x - 2 potions of flight {unknown}


   Skills:
 + Level 3.6 Fighting
 * Level 5.4 Short Blades
 + Level 3.5 Throwing
 - Level 1.6 Dodging
 * Level 7.4 Stealth


You had 5 spell levels left.
You didn't know any spells.
Your spell library contained the following spells:

 Spells                   Type           Power      Damage    Failure   Level
 Portal Projectile        Hex/Tloc       0%         N/A       75%         3
 Tukima's Dance           Hex            0%         N/A       75%         3
 Animate Armour           Summ/Erth      0%         N/A       98%         4
 Passage of Golubria      Tloc           0%         N/A       98%         4
 Yara's Violent Unravell  Hex/Tmut       0%         3d3       100%        5
 Haunt                    Necr/Summ      0%         N/A       100%        7


Dungeon Overview and Level Annotations

Branches:
Dungeon (4/15)             Temple (0/1) D:4

Altars:


Innate Abilities, Weirdness & Mutations

You are small and have problems with some larger weapons.
You are completely attuned to the shadows.


Message History

A water moccasin zombie comes into view.
Dowan shakes with grief.
Dowan attacks as you move away! Dowan hits you with a +0 dagger.
Dowan mumbles some strange words.
Dowan blinks!
Things that are here:
a +0 short sword; a +0 leather armour; the elf corpse of Duvessa Dowan attacks as you move away!
Dowan barely misses you.
You hit Dowan.
Dowan is lightly wounded.
Dowan barely misses you. Dowan hits you with a +0 dagger.
* * * LOW HITPOINT WARNING * * *
You closely miss Dowan.
Dowan is lightly wounded.
Dowan barely misses you.
You hit Dowan. Lightning courses through Dowan!!
You kill Dowan!
You hit the water moccasin zombie.
Lightning courses through the water moccasin zombie!!
The water moccasin zombie is heavily damaged.
The water moccasin zombie barely misses you.
You hit the water moccasin zombie.
The water moccasin zombie is heavily damaged.
The water moccasin zombie barely misses you.
You barely miss the water moccasin zombie.
The water moccasin zombie is heavily damaged.
The water moccasin zombie bites you.
* * * LOW HITPOINT WARNING * * *
You closely miss the water moccasin zombie.
The water moccasin zombie is heavily damaged.
You hit the water moccasin zombie.
The water moccasin zombie is heavily damaged.
The water moccasin zombie completely misses you.
It was a potion of degeneration.
There was something very wrong with that liquid.
You feel weakened.
You feel dopey.
You feel clumsy. The water moccasin zombie bites you.
* * * LOW HITPOINT WARNING * * *
The water moccasin zombie bites you!
You die...

.#.# .#<# .#.#
.#.# .#.####
......######
######
#..........#
#......
..########.#
######...... ..
#.# #..@Z)......
#.
#.###.####......
#.##..# #......
#.##.## #######
#.##.##.#
#....)..#
#.#.##### #.#.#
#.#.#


You could see a water moccasin zombie.

Vanquished Creatures
  Duvessa (D:4)
  Dowan (D:4)
  2 orc priests
  Jessica (D:2)
  An orc wizard (D:3)
  2 worms (D:3)
  2 dart slugs
  2 orcs (D:3)
  4 ball pythons
  4 endoplasms
  A giant cockroach (D:3)
  5 goblins
  4 hobgoblins
  13 jackals
  5 quokkas
  7 bats
  2 frilled lizards
  A jackal zombie (D:4)
  5 kobolds
  A rat (D:2)
64 creatures vanquished.

Notes
Turn   | Place    | Note
-------+----------+-------------------------------------------
     0 | D:1      | Gelion the Kobold Brigand began the quest for the Orb.
     0 | D:1      | Reached XP level 1. HP: 12/12 MP: 1/1
   270 | D:1      | Found a faded altar of an unknown god.
   276 | D:1      | Reached XP level 2. HP: 18/18 MP: 2/2
   820 | D:2      | Noticed Jessica
   826 | D:2      | Killed Jessica
   827 | D:2      | Reached XP level 3. HP: 15/22 MP: 3/3
  1081 | D:2      | Reached XP level 4. HP: 26/27 MP: 4/4
  1113 | D:2      | Reached skill level 6 in Stealth
  1616 | D:2      | Got the Anthology of Topological Accomplices
  2407 | D:3      | Reached XP level 5. HP: 32/32 MP: 5/5
  2893 | D:4      | Found a staircase to the Ecumenical Temple.
  3084 | D:4      | Noticed Duvessa
  3087 | D:4      | Noticed Dowan
  3088 | D:4      | Killed Duvessa
  3089 | D:4      | Reached skill level 5 in Short Blades
  3089 | D:4      | Reached skill level 7 in Stealth
  3089 | D:4      | Reached XP level 6. HP: 37/37 MP: 6/6
  3106 | D:4      | Killed Dowan
  3112 | D:4      | Slain by a water moccasin zombie

Illustrated notes

Levels and vault maps discovered:
D:1:      dpeg_arrival_tiny_j, layout_rooms,
          shapermc_ecumenical_altar_totnotflames
D:2:      layout_loops_ring, kennysheep_jessica_study
D:3:      layout_loops_corners
D:4:      wander_river, layout_loops_ring, lemuel_zombie_altar_yredelemnul,
          minmay_temple_entry_proselytizer, nicolae_ossuary_entry_ruins,
          minmay_misc_feat_doors, sigmund_edmund_badplayer, uniq_duvessa,
          uniq_menkaure

Skill      XL: |  1  2  3  4  5 |
---------------+----------------+-----
Short Blades   | 3 4 5 |  5.4
Stealth        | 6 7 |  7.4
Fighting       | 3 |  3.6
Throwing       | 3 |  3.5
Dodging        | |  1.6

Action                   |  1- 3 |  4- 6 || total
-------------------------+-------+-------++-------
Melee: Dagger            |    48 |   106 ||   154
       Punch             |       |     1 ||     1
  Use: Potion            |       |     1 ||     1
 Stab: Sleeping          |     8 |    22 ||    30
       Distracted        |       |     1 ||     1
Armor: Robe              |     7 |    11 ||    18
Dodge: Dodged            |    28 |    73 ||   101
